[Event "45th FIDE Womens Olympiad 2024"]
[Site "Budapest"]
[Date "2024.09.14"]
[Round "4.12"]
[White "Nosimilo, Mkhonto"]
[Black "Karanja, Ether"]
[Result "0-1"]
[ECO "C01"]
[WhiteElo "1561"]
[BlackElo "1637"]
[PlyCount "130"]
[EventDate "2024.09.05"]
[EventType "team-tourn"]
[EventCountry "HUN"]
[WhiteTeam "Eswatini"]
[BlackTeam "Kenya"]
[BlackTeamCountry "KEN"]
[TimeControl "40/5400+30:1800+30"]

1. e4 e6 2. Nf3 d5 3. exd5 exd5 4. d4 Nf6 5. Bd3 Be7 6. c3 Nbd7 7. Nbd2 b6 8. Nf1 Bb7 9. Ng3 c5 10. O-O O-O 11. Nf5 Ne4 12. Nxe7+ Qxe7 13. Re1 Qd6 14. Ng5 Ndf6 15. f3 Nxg5 16. Bxg5 cxd4 17. cxd4 Rfe8 18. Qd2 h6 19. Bf4 Qd7 20. Be5 Nh7 21. Qc2 Ng5 22. Bf5 Ne6 23. Qf2 Qe7 24. Bxe6 fxe6 25. Qg3 Rac8 26. Rac1 Ba6 27. Bf4 Qf6 28. Be5 Qf7 29. a3 Bd3 30. Rc3 Rxc3 31. bxc3 Rc8 32. Rc1 Qg6 33. Qxg6 Bxg6 34. Kf2 Kf7 35. Ke3 Rc4 36. Kd2 a6 37. Ra1 b5 38. Bc7 Rxc7 39. h4 h5 40. g4 Kf6 41. Re1 hxg4 42. fxg4 Be4 43. Rf1+ Ke7 44. g5 Rc8 45. h5 Rf8 46. Rxf8 Kxf8 47. Ke3 Kf7 48. Kf4 Bf5 49. Ke5 Ke7 50. Kf4 Bc2 51. h6 gxh6 52. gxh6 Kf6 53. Kg4 Kg6 54. Kf4 Kxh6 55. Ke5 Bf5 56. Kd6 Kg5 57. Kc5 Kf4 58. Kb4 Ke3 59. Ka5 Kd3 60. Kxa6 Kxc3 61. Kxb5 Kxd4 62. a4 Bd3+ 63. Kb4 e5 64. a5 e4 65. a6 Bxa6 {0-} 0-1

[Event "45th FIDE Womens Olympiad 2024"]
[Site "Budapest"]
[Date "2024.09.14"]
[Round "4.13"]
[White "Osmak, Yuliia"]
[Black "Atalik, Ekaterina"]
[Result "1/2-1/2"]
[ECO "A11"]
[WhiteElo "2471"]
[BlackElo "2381"]
[Annotator "ChessBase"]
[PlyCount "72"]
[EventDate "2024.09.05"]
[EventType "team-tourn"]
[EventCountry "HUN"]
[SourceTitle "playchess.com"]
[Source "ChessBase"]
[SourceQuality "1"]
[WhiteTeam "Ukraine"]
[BlackTeam "Turkiye"]
[WhiteTeamCountry "UKR"]
[TimeControl "40/5400+30:1800+30"]

1. c4 c6 2. Nf3 d5 3. g3 Nf6 4. Bg2 g6 5. b3 Bg7 6. Bb2 O-O 7. O-O Bg4 8. d3 Nbd7 9. Nbd2 Re8 10. Ne5 Nxe5 11. Bxe5 Qd7 12. Re1 Nh5 13. Bxg7 Kxg7 14. b4 Nf6 15. Qc2 e5 16. Qb2 Rad8 17. Rac1 h5 18. h4 dxc4 19. Nxc4 Qd4 20. Rc2 Bf5 21. Na5 Re7 22. a3 e4 23. dxe4 Nxe4 24. Qxd4+ Rxd4 25. Rc4 Rxc4 26. Nxc4 Nc3 27. e3 Rd7 28. Bf1 Ne4 29. Be2 c5 30. bxc5 Nxc5 31. Rd1 Rxd1+ 32. Bxd1 Be6 33. Be2 Ne4 34. Bd3 Nc5 35. Be2 Ne4 36. Bd3 Nc5 1/2-1/2

[Event "45th FIDE Womens Olympiad 2024"]
[Site "Budapest"]
[Date "2024.09.14"]
[Round "4.14"]
[White "Yildiz Kadioglu, Betul Cemre"]
[Black "Ushenina, Anna"]
[Result "1/2-1/2"]
[ECO "E11"]
[WhiteElo "2314"]
[BlackElo "2417"]
[Annotator "ChessBase"]
[PlyCount "33"]
[EventDate "2024.09.05"]
[EventType "team-tourn"]
[EventCountry "HUN"]
[SourceTitle "playchess.com"]
[Source "ChessBase"]
[SourceQuality "1"]
[WhiteTeam "Turkiye"]
[BlackTeam "Ukraine"]
[WhiteTeamCountry "TUR"]
[BlackTeamCountry "UKR"]
[TimeControl "40/5400+30:1800+30"]

1. d4 d5 2. c4 e6 3. Nf3 Nf6 4. g3 Bb4+ 5. Bd2 a5 6. Qc2 O-O 7. Bg2 c5 8. dxc5 d4 9. Bxb4 axb4 10. O-O Nc6 11. Nbd2 e5 12. Rfd1 Qe7 13. Nb3 Nd7 14. Qe4 Nf6 15. Qc2 Nd7 16. Qe4 Nf6 17. Qc2 1/2-1/2

[Event "45th FIDE Womens Olympiad 2024"]
[Site "Budapest"]
[Date "2024.09.14"]
[Round "4.14"]
[White "Marcos, Taqesyah"]
[Black "Recica, Jona"]
[Result "0-1"]
[ECO "A01"]
[WhiteElo "1679"]
[BlackElo "1791"]
[PlyCount "100"]
[EventDate "2024.09.05"]
[EventType "team-tourn"]
[EventCountry "HUN"]
[WhiteTeam "Netherlands Antilles"]
[BlackTeam "Kosovo"]
[WhiteTeamCountry "AHO"]
[BlackTeamCountry "KOS"]
[TimeControl "40/5400+30:1800+30"]

1. e3 e5 2. b3 d5 3. Bb2 Bd6 4. Nf3 Nc6 5. Bb5 f6 6. Bxc6+ bxc6 7. d3 Ne7 8. Nbd2 O-O 9. c4 Bb4 10. O-O Bf5 11. Ne1 Qd7 12. Ndf3 Rfd8 13. Qc1 Ng6 14. a3 Be7 15. Nd2 Kh8 16. e4 Nf4 17. Qc2 dxe4 18. Nxe4 Nxd3 19. f3 Bxe4 20. fxe4 Bc5+ 21. Kh1 Nxb2 22. Qxb2 Bd4 23. Qb1 Bxa1 24. Qxa1 Qd4 25. Qb1 Rab8 26. Nc2 Qxe4 27. Nb4 Qxb1 28. Rxb1 c5 29. Nd5 c6 30. Ne7 Rxb3 31. Rf1 Rd6 32. h3 Rxa3 33. Rb1 h5 34. Rb7 e4 35. Nf5 Re6 36. Nxg7 Ra1+ 37. Kh2 e3 38. Nxe6 e2 39. Rb8+ Kh7 40. Rb7+ Kh6 41. Nf8 e1=Q 42. Rh7+ Kg5 43. Rg7+ Kf5 44. Nd7 Qg1+ 45. Kg3 Ra3+ 46. Kh4 Qe1+ 47. g3 Qe4+ 48. g4+ hxg4 49. hxg4+ Kf4 50. Kh5 Rh3# {0-} 0-1

[Event "45th FIDE Womens Olympiad 2024"]
[Site "Budapest"]
[Date "2024.09.14"]
[Round "4.15"]
[White "Buksa, Nataliya"]
[Black "Ozturk Orenli, Kubra"]
[Result "1-0"]
[ECO "C95"]
[WhiteElo "2387"]
[BlackElo "2262"]
[Annotator "ChessBase"]
[PlyCount "61"]
[EventDate "2024.09.05"]
[EventType "team-tourn"]
[EventCountry "HUN"]
[SourceTitle "playchess.com"]
[Source "ChessBase"]
[SourceQuality "1"]
[WhiteTeam "Ukraine"]
[BlackTeam "Turkiye"]
[WhiteTeamCountry "UKR"]
[BlackTeamCountry "TUR"]
[TimeControl "40/5400+30:1800+30"]

1. e4 e5 2. Nf3 Nc6 3. Bb5 a6 4. Ba4 Nf6 5. O-O Be7 6. Re1 b5 7. Bb3 d6 8. c3 O-O 9. h3 Nb8 10. d4 Nbd7 11. c4 c6 12. Qc2 Bb7 13. a3 Qc7 14. cxb5 axb5 15. Ba2 c5 16. Bg5 Rfc8 17. dxe5 Nxe5 18. Nxe5 dxe5 19. Bxf6 Bxf6 20. Nc3 Bc6 21. Bd5 Be7 22. Rad1 b4 23. Bxc6 Qxc6 24. Nd5 Bf8 25. axb4 cxb4 26. Qd2 b3 27. Qe3 Rab8 28. Rc1 Qe6 29. Qg3 g6 30. Rxc8 Rxc8 31. Qxb3 1-0

[Event "45th FIDE Womens Olympiad 2024"]
[Site "Budapest"]
[Date "2024.09.14"]
[Round "4.15"]
[White "Saraci, Rinesa"]
[Black "Pourier, Dianthely"]
[Result "1-0"]
[ECO "B15"]
[WhiteElo "1757"]
[BlackElo "1548"]
[PlyCount "89"]
[EventDate "2024.09.05"]
[EventType "team-tourn"]
[EventCountry "HUN"]
[WhiteTeam "Kosovo"]
[BlackTeam "Netherlands Antilles"]
[WhiteTeamCountry "KOS"]
[BlackTeamCountry "AHO"]
[TimeControl "40/5400+30:1800+30"]

1. e4 c6 2. d4 d5 3. Nc3 dxe4 4. Nxe4 Nf6 5. Nxf6+ exf6 6. c3 Bd6 7. Bd3 O-O 8. Qc2 Re8+ 9. Ne2 g6 10. Be3 Nd7 11. O-O-O Qc7 12. h4 f5 13. h5 Nf6 14. hxg6 fxg6 15. Bg5 Ng4 16. Rdf1 Be7 17. Qb3+ Kf8 18. Bf4 Qb6 19. Rxh7 Qxb3 20. axb3 Kg8 21. Rfh1 Bf6 22. Bg3 Re7 23. Bc4+ Be6 24. Bxe6+ Rxe6 25. Nf4 Re1+ 26. Rxe1 Kxh7 27. f3 Nh6 28. Kc2 Nf7 29. Re6 Kg7 30. Nd3 Nd8 31. Rd6 Be7 32. Rd7 Kf8 33. Ne5 Ke8 34. d5 cxd5 35. Rxd5 g5 36. Nc4 f4 37. Bf2 b6 38. Re5 Nf7 39. Re6 Kd7 40. Rxb6 Bd8 41. Rb7+ Ke6 42. Rxa7 Rb8 43. Bd4 Bf6 44. Ra6+ Kf5 45. Rxf6# 1-0

[Event "45th FIDE Womens Olympiad 2024"]
[Site "Budapest"]
[Date "2024.09.14"]
[Round "4.16"]
[White "Aydin, Gulenay"]
[Black "Doluhanova, Evgeniya"]
[Result "1-0"]
[ECO "C47"]
[WhiteElo "2202"]
[BlackElo "2304"]
[Annotator "ChessBase"]
[PlyCount "111"]
[EventDate "2024.09.05"]
[EventType "team-tourn"]
[EventCountry "HUN"]
[SourceTitle "playchess.com"]
[Source "ChessBase"]
[SourceQuality "1"]
[WhiteTeam "Turkiye"]
[BlackTeam "Ukraine"]
[WhiteTeamCountry "TUR"]
[BlackTeamCountry "UKR"]
[TimeControl "40/5400+30:1800+30"]

1. e4 e5 2. Nf3 Nc6 3. Nc3 Nf6 4. d4 exd4 5. Nxd4 Bb4 6. Nxc6 bxc6 7. Bd3 d5 8. exd5 O-O 9. O-O cxd5 10. h3 c6 11. Qf3 Nd7 12. Qg3 Re8 13. Bf4 Nc5 14. Bg5 f6 15. Bh6 Re7 16. a3 Nxd3 17. cxd3 Bc5 18. Rac1 Ba6 19. Rfd1 Bd4 20. b4 Qe8 21. Bd2 Be5 22. Qf3 Qf7 23. Ne2 Rae8 24. Be3 Bb5 25. Nd4 Bxd4 26. Bxd4 Ba4 27. Rf1 a6 28. Bc5 Re6 29. Bd4 Qg6 30. Bc3 Bb5 31. Rfd1 h5 32. Kh2 h4 33. Bd4 Re2 34. Rc3 Ra2 35. Be3 Qf7 36. Kg1 Qe7 37. Rdc1 Qe5 38. Qg4 g5 39. Bd4 Qe6 40. Qh5 Qf7 41. Qf3 Re6 42. Qf5 Rae2 43. Be3 Kg7 44. Kf1 Ra2 45. Bd4 Kf8 46. Kg1 Rae2 47. R3c2 Rxc2 48. Rxc2 Kg8 49. Rc1 Ba4 50. Rf1 Bc2 51. f4 g4 52. Qxg4+ Kh7 53. Qxh4+ Kg8 54. f5 Re8 55. Rf3 Kf8 56. Bc5+ 1-0

[Event "45th FIDE Womens Olympiad 2024"]
[Site "Budapest"]
[Date "2024.09.14"]
[Round "4.16"]
[White "Pieter, Liana"]
[Black "Saraci, Ndriqona"]
[Result "1/2-1/2"]
[ECO "D05"]
[WhiteElo "1619"]
[BlackElo "1656"]
[PlyCount "61"]
[EventDate "2024.09.05"]
[EventType "team-tourn"]
[EventCountry "HUN"]
[WhiteTeam "Netherlands Antilles"]
[BlackTeam "Kosovo"]
[WhiteTeamCountry "AHO"]
[BlackTeamCountry "KOS"]
[TimeControl "40/5400+30:1800+30"]

1. d4 Nf6 2. Nf3 e6 3. e3 d5 4. b3 c5 5. Bb2 Nc6 6. Bd3 h6 7. Nbd2 Nb4 8. Be2 Be7 9. a3 Nc6 10. c4 O-O 11. O-O a5 12. Ne5 Nxe5 13. dxe5 Ne4 14. Nxe4 dxe4 15. a4 b6 16. Qc2 Bb7 17. f3 exf3 18. Bxf3 Qc7 19. Rad1 Rad8 20. Qe2 Rxd1 21. Rxd1 Bxf3 22. Qxf3 Rd8 23. Kf2 Rxd1 24. Qxd1 Qc6 25. Qd3 Bh4+ 26. g3 Be7 27. e4 Qe8 28. h3 Qc6 29. h4 h5 30. Kf3 g5 31. hxg5 1/2-1/2

[Event "45th FIDE Womens Olympiad 2024"]
[Site "Budapest"]
[Date "2024.09.14"]
[Round "4.17"]
[White "Tokhirjonova, Gulrukhbegim"]
[Black "Roebers, Eline"]
[Result "1/2-1/2"]
[ECO "E67"]
[WhiteElo "2380"]
[BlackElo "2340"]
[Annotator "ChessBase"]
[PlyCount "78"]
[EventDate "2024.09.05"]
[EventType "team-tourn"]
[EventCountry "HUN"]
[SourceTitle "playchess.com"]
[Source "ChessBase"]
[SourceQuality "1"]
[WhiteTeam "United States of America"]
[BlackTeam "Netherlands"]
[WhiteTeamCountry "USA"]
[BlackTeamCountry "NED"]
[TimeControl "40/5400+30:1800+30"]

1. d4 Nf6 2. c4 g6 3. g3 Bg7 4. Bg2 O-O 5. Nf3 d6 6. O-O Nbd7 7. Nc3 e5 8. e4 Re8 9. h3 b6 10. d5 Nc5 11. Ne1 a5 12. b3 Rf8 13. Be3 Nfd7 14. a3 f5 15. b4 f4 16. Bxc5 bxc5 17. bxc5 fxg3 18. fxg3 Rxf1+ 19. Bxf1 Nxc5 20. Ra2 Qg5 21. Kh2 Rb8 22. Nd3 Nxd3 23. Bxd3 Bd7 24. Nb5 Qe3 25. Qd2 Qxd2+ 26. Rxd2 Bxb5 27. cxb5 Bh6 28. Rc2 Rb7 29. Kg2 Be3 30. a4 Bc5 31. Rc1 Rb8 32. Rf1 Rf8 33. Rxf8+ Kxf8 34. Kf3 Ke7 35. Be2 Kf6 36. Bd3 Bb6 37. Be2 Bc5 38. Bd3 Bb6 39. Be2 Bc5 1/2-1/2

[Event "45th FIDE Womens Olympiad 2024"]
[Site "Budapest"]
[Date "2024.09.14"]
[Round "4.17"]
[White "Callender, Jessica"]
[Black "Strade, Arita"]
[Result "0-1"]
[ECO "A05"]
[WhiteElo "1579"]
[BlackElo "1946"]
[PlyCount "54"]
[EventDate "2024.09.05"]
[EventType "team-tourn"]
[EventCountry "HUN"]
[WhiteTeam "Guyana"]
[BlackTeam "Guernsey"]
[WhiteTeamCountry "GUY"]
[BlackTeamCountry "GCI"]
[TimeControl "40/5400+30:1800+30"]

1. Nf3 Nf6 2. g3 b5 3. Bg2 Bb7 4. O-O g6 5. d3 Bg7 6. e4 d6 7. Be3 O-O 8. Nbd2 Nbd7 9. h3 c5 10. Nh2 d5 11. Nb3 Qc7 12. Bf4 e5 13. Bg5 dxe4 14. dxe4 Bxe4 15. Qe2 Bxg2 16. Kxg2 Qc6+ 17. Kg1 e4 18. Rfe1 Rfe8 19. Rad1 a5 20. Ng4 Nxg4 21. Qxg4 Ne5 22. Qf4 Nf3+ 23. Kf1 Nxe1 24. Rxe1 e3 25. Kg1 f6 26. Bh6 g5 27. Bxg5 fxg5 {0-} 0-1

[Event "45th FIDE Womens Olympiad 2024"]
[Site "Budapest"]
[Date "2024.09.14"]
[Round "4.18"]
[White "Van Foreest, Machteld"]
[Black "Yip, Carissa"]
[Result "0-1"]
[ECO "C54"]
[WhiteElo "2224"]
[BlackElo "2386"]
[PlyCount "92"]
[EventDate "2024.09.05"]
[EventType "team-tourn"]
[EventCountry "HUN"]
[WhiteTeam "Netherlands"]
[BlackTeam "United States of America"]
[WhiteTeamCountry "NED"]
[BlackTeamCountry "USA"]
[TimeControl "40/5400+30:1800+30"]

1. e4 e5 2. Nf3 Nc6 3. Bc4 Bc5 4. c3 Nf6 5. d3 d6 6. Nbd2 a6 7. Bb3 Ba7 8. h3 Qe7 9. Nf1 Bd7 10. Be3 O-O-O 11. Bxa7 Nxa7 12. Ne3 Kb8 13. c4 c6 14. Qd2 Be6 15. Qc3 g6 16. Bc2 Bc8 17. b4 Rhe8 18. Bb3 g5 19. Nxg5 d5 20. cxd5 Nxd5 21. exd5 Qxg5 22. Rc1 f5 23. dxc6 Nxc6 24. Bd5 Rxd5 25. Nxd5 Qxg2 26. Qc5 Rd8 27. Ne7 Qxh1+ 28. Ke2 Qg2 29. Rg1 Qxg1 30. Nxc6+ bxc6 31. Qb6+ Bb7 32. Qxd8+ Ka7 33. Qe7 Qg8 34. Qc5+ Ka8 35. Qxe5 Qxa2+ 36. Ke3 Qf7 37. Qh8+ Ka7 38. Qd4+ Kb8 39. Qe5+ Kc8 40. Kf4 Qc7 41. Kxf5 Qxe5+ 42. Kxe5 Kd7 43. f4 Ke7 44. h4 Bc8 45. d4 Be6 46. h5 h6 0-1

[Event "45th FIDE Womens Olympiad 2024"]
[Site "Budapest"]
[Date "2024.09.14"]
[Round "4.18"]
[White "Nevska, Gerda"]
[Black "Shariff, Sasha Christina"]
[Result "1-0"]
[ECO "A22"]
[WhiteElo "1892"]
[BlackElo "1538"]
[PlyCount "47"]
[EventDate "2024.09.05"]
[EventType "team-tourn"]
[EventCountry "HUN"]
[WhiteTeam "Guernsey"]
[BlackTeam "Guyana"]
[WhiteTeamCountry "GCI"]
[BlackTeamCountry "GUY"]
[TimeControl "40/5400+30:1800+30"]

1. c4 e5 2. Nc3 Nf6 3. e4 Bb4 4. d3 O-O 5. f4 Bxc3+ 6. bxc3 exf4 7. Bxf4 d6 8. Nf3 Nc6 9. Be2 Bg4 10. Bg5 Bxf3 11. Bxf3 Ne5 12. O-O Qe7 13. Rb1 Rab8 14. Be2 Ned7 15. Bg4 Qe5 16. Rf5 Qxc3 17. Bh3 Rfe8 18. Qe2 Re5 19. Rbf1 Rxf5 20. Rxf5 Re8 21. Rf1 Re5 22. Bc1 Nc5 23. Rd1 d5 24. Bb2 1-0

[Event "45th FIDE Womens Olympiad 2024"]
[Site "Budapest"]
[Date "2024.09.14"]
[Round "4.19"]
[White "Krush, Irina"]
[Black "Bensdorp-De Labaca, Marlies"]
[Result "1-0"]
[ECO "D35"]
[WhiteElo "2396"]
[BlackElo "2241"]
[Annotator "ChessBase"]
[PlyCount "81"]
[EventDate "2024.09.05"]
[EventType "team-tourn"]
[EventCountry "HUN"]
[SourceTitle "playchess.com"]
[Source "ChessBase"]
[SourceQuality "1"]
[WhiteTeam "United States of America"]
[BlackTeam "Netherlands"]
[WhiteTeamCountry "USA"]
[BlackTeamCountry "NED"]
[TimeControl "40/5400+30:1800+30"]

1. c4 e6 2. Nc3 d5 3. d4 Nf6 4. cxd5 exd5 5. Bg5 Be7 6. e3 O-O 7. Bd3 Re8 8. Nge2 h6 9. Bh4 c6 10. O-O a5 11. Qc2 Na6 12. a3 Nc7 13. Rad1 Ne6 14. f3 b5 15. Kh1 Ba6 16. Bf2 Qb8 17. Ng3 b4 18. Nce2 Bxd3 19. Rxd3 c5 20. dxc5 Nxc5 21. Rdd1 bxa3 22. bxa3 Qb3 23. Qxb3 Nxb3 24. a4 Bb4 25. Nf4 Bd2 26. Nf5 Rab8 27. Bh4 Rb6 28. Be1 Bxe1 29. Rfxe1 Rb4 30. Nxd5 Nxd5 31. Rxd5 Rxa4 32. h4 h5 33. Rd7 Ra2 34. Red1 a4 35. Ra7 Nc5 36. Rd5 Rc2 37. Kh2 Ne6 38. Ne7+ Kf8 39. Rxh5 Rc7 40. Nd5 f6 41. Nxc7 1-0

[Event "45th FIDE Womens Olympiad 2024"]
[Site "Budapest"]
[Date "2024.09.14"]
[Round "4.19"]
[White "Joshi, Aditi Narayan"]
[Black "Denning, Julie L"]
[Result "1-0"]
[ECO "D52"]
[WhiteElo "1546"]
[BlackElo "1741"]
[PlyCount "71"]
[EventDate "2024.09.05"]
[EventType "team-tourn"]
[EventCountry "HUN"]
[WhiteTeam "Guyana"]
[BlackTeam "Guernsey"]
[WhiteTeamCountry "GUY"]
[BlackTeamCountry "GCI"]
[TimeControl "40/5400+30:1800+30"]

1. d4 d5 2. c4 e6 3. Nf3 Nf6 4. Bg5 Nbd7 5. e3 c6 6. Nc3 Qa5 7. Nd2 Bb4 8. Qc2 dxc4 9. Bxf6 Nxf6 10. Bxc4 O-O 11. O-O Qh5 12. Nde4 Qg6 13. Nxf6+ Qxf6 14. Bd3 Qh6 15. e4 Rd8 16. Ne2 Ba5 17. Rad1 Bc7 18. f4 Bd6 19. Rf3 Be7 20. Rh3 Bh4 21. g3 e5 22. Rxh4 Qf6 23. dxe5 Qe7 24. Bc4 Re8 25. Nd4 g6 26. Nf3 Kg7 27. Ng5 Qc5+ 28. Kg2 h5 29. Qc3 Bg4 30. Rd6 Re7 31. Rxg4 hxg4 32. Bxf7 Qxc3 33. Rxg6+ Kh8 34. bxc3 Rf8 35. Rh6+ Kg7 36. Rh7# 1-0

[Event "45th FIDE Womens Olympiad 2024"]
[Site "Budapest"]
[Date "2024.09.14"]
[Round "4.20"]
[White "Kazarian, Anna-Maja"]
[Black "Lee, Alice"]
[Result "0-1"]
[ECO "B30"]
[WhiteElo "2180"]
[BlackElo "2384"]
[Annotator "ChessBase"]
[PlyCount "64"]
[EventDate "2024.09.05"]
[EventType "team-tourn"]
[EventCountry "HUN"]
[SourceTitle "playchess.com"]
[Source "ChessBase"]
[SourceQuality "1"]
[WhiteTeam "Netherlands"]
[BlackTeam "United States of America"]
[WhiteTeamCountry "NED"]
[TimeControl "40/5400+30:1800+30"]

1. e4 c5 2. Nf3 Nc6 3. Bb5 e6 4. Bxc6 bxc6 5. O-O Ne7 6. b3 Ng6 7. Bb2 f6 8. e5 Be7 9. Re1 O-O 10. d3 Qe8 11. Nbd2 fxe5 12. Nxe5 d6 13. Nec4 e5 14. Ne4 Nh4 15. Ng3 Qf7 16. Qe2 Bg4 17. f3 Be6 18. Nd2 Ng6 19. Qe4 Bg5 20. Ndf1 Nf4 21. Ne3 Bd5 22. Qf5 Qe7 23. Qg4 Be6 24. Nef5 Qd8 25. h4 Bf6 26. h5 Kh8 27. Bc1 Qd7 28. Rb1 Nd5 29. f4 exf4 30. Bxf4 Nxf4 31. Qxf4 Bxf5 32. Nxf5 Bd4+ 0-1

[Event "45th FIDE Womens Olympiad 2024"]
[Site "Budapest"]
[Date "2024.09.14"]
[Round "4.21"]
[White "Khademalsharieh, Sarasadat"]
[Black "Munkhzul, Turmunkh"]
[Result "1/2-1/2"]
[ECO "D36"]
[WhiteElo "2468"]
[BlackElo "2256"]
[Annotator "ChessBase"]
[PlyCount "51"]
[EventDate "2024.09.05"]
[EventType "team-tourn"]
[EventCountry "HUN"]
[SourceTitle "playchess.com"]
[Source "ChessBase"]
[SourceQuality "1"]
[WhiteTeam "Spain"]
[BlackTeam "Mongolia"]
[WhiteTeamCountry "ESP"]
[BlackTeamCountry "MGL"]
[TimeControl "40/5400+30:1800+30"]

1. d4 Nf6 2. c4 e6 3. Nf3 d5 4. cxd5 exd5 5. Nc3 c6 6. Qc2 Be7 7. Bg5 g6 8. e3 Bf5 9. Bd3 Bxd3 10. Qxd3 O-O 11. Bxf6 Bxf6 12. h4 Nd7 13. h5 Re8 14. Kf1 Bg7 15. g3 Qe7 16. Kg2 Rad8 17. Rh4 g5 18. Rhh1 h6 19. Rab1 Qe6 20. Rbe1 f5 21. Qc2 Nb6 22. b3 Qf7 23. Ne2 Qe6 24. Nc3 Qf7 25. Ne2 Qe6 26. Nc3 1/2-1/2

[Event "45th FIDE Womens Olympiad 2024"]
[Site "Budapest"]
[Date "2024.09.14"]
[Round "4.21"]
[White "Kaslan, Victoria"]
[Black "Ahmed, Najla"]
[Result "1-0"]
[ECO "B15"]
[WhiteElo "1726"]
[BlackElo "1539"]
[PlyCount "61"]
[EventDate "2024.09.05"]
[EventType "team-tourn"]
[EventCountry "HUN"]
[WhiteTeam "Suriname"]
[BlackTeam "Bahrain"]
[WhiteTeamCountry "SUR"]
[BlackTeamCountry "BRN"]
[TimeControl "40/5400+30:1800+30"]

1. e4 c6 2. d4 d5 3. Nd2 dxe4 4. Nxe4 Nf6 5. Nxf6+ exf6 6. c3 Bd6 7. Bd3 O-O 8. Ne2 Na6 9. Qc2 h6 10. Be3 Nc7 11. c4 Bb4+ 12. Nc3 Re8 13. O-O Bf8 14. Rad1 Na6 15. a3 Bd7 16. d5 Qc7 17. b4 Nb8 18. c5 Bg4 19. Rd2 Nd7 20. d6 Qd8 21. h3 Be6 22. Rdd1 g6 23. Bxg6 fxg6 24. Qxg6+ Kh8 25. Qh5 Bg7 26. Bxh6 Bxh6 27. Qxh6+ Kg8 28. Rd3 Kf7 29. Qh7+ Kf8 30. Rg3 Re7 31. Qh8+ 1-0

[Event "45th FIDE Womens Olympiad 2024"]
[Site "Budapest"]
[Date "2024.09.14"]
[Round "4.22"]
[White "Munguntuul, Batkhuyag"]
[Black "Garcia Martin, Marta"]
[Result "1-0"]
[ECO "C84"]
[WhiteElo "2346"]
[BlackElo "2318"]
[Annotator "ChessBase"]
[PlyCount "73"]
[EventDate "2024.09.05"]
[EventType "team-tourn"]
[EventCountry "HUN"]
[SourceTitle "playchess.com"]
[Source "ChessBase"]
[SourceQuality "1"]
[WhiteTeam "Mongolia"]
[BlackTeam "Spain"]
[WhiteTeamCountry "MGL"]
[BlackTeamCountry "ESP"]
[TimeControl "40/5400+30:1800+30"]

1. e4 e5 2. Nf3 Nc6 3. Bb5 a6 4. Ba4 Nf6 5. O-O Nxe4 6. d4 Be7 7. Re1 b5 8. Rxe4 d5 9. Nxe5 Nxe5 10. Rxe5 bxa4 11. Nc3 O-O 12. Qh5 Bd6 13. Re2 a3 14. Nxd5 axb2 15. Bxb2 Rb8 16. c4 Be6 17. Ne3 Qf6 18. Nd5 Qd8 19. Rd1 Qd7 20. Ne3 Bf4 21. Rdd2 Bxe3 22. Rxe3 Bxc4 23. d5 Rfe8 24. h3 Rxe3 25. fxe3 f6 26. e4 Qe7 27. Qh4 Qb4 28. Qf4 Re8 29. e5 fxe5 30. Bxe5 Qc5+ 31. Kh2 Bb5 32. Bxc7 Bd7 33. Be5 Qe7 34. Bd4 h6 35. Rd3 Qf7 36. Qd6 Re2 37. Rg3 1-0

[Event "45th FIDE Womens Olympiad 2024"]
[Site "Budapest"]
[Date "2024.09.14"]
[Round "4.22"]
[White "Almusawi, Maram"]
[Black "Kaslan, Alexandra"]
[Result "0-1"]
[ECO "E20"]
[WhiteElo "1510"]
[BlackElo "1675"]
[PlyCount "132"]
[EventDate "2024.09.05"]
[EventType "team-tourn"]
[EventCountry "HUN"]
[WhiteTeam "Bahrain"]
[BlackTeam "Suriname"]
[WhiteTeamCountry "BRN"]
[BlackTeamCountry "SUR"]
[TimeControl "40/5400+30:1800+30"]

1. d4 Nf6 2. c4 e6 3. Nc3 Bb4 4. Bd2 b6 5. f3 Nh5 6. Nh3 Qh4+ 7. Nf2 Qxd4 8. e3 Qh4 9. Bd3 Qd8 10. O-O O-O 11. Qc2 f5 12. a3 Bd6 13. Nb5 Be7 14. e4 a6 15. Nc3 g6 16. exf5 exf5 17. Nd5 d6 18. Nxe7+ Qxe7 19. Rfe1 Qd7 20. Re2 Re8 21. Rxe8+ Qxe8 22. Re1 Qd7 23. b4 Nc6 24. c5 d5 25. Nh3 Bb7 26. cxb6 cxb6 27. Qb3 Rd8 28. Bg5 Rc8 29. Qb2 Re8 30. Rd1 Ne5 31. Bf1 Qf7 32. b5 a5 33. Qb3 Qe6 34. Nf4 Nxf4 35. Bxf4 Nd7 36. Bg3 Qe3+ 37. Qxe3 Rxe3 38. Rd3 Rxd3 39. Bxd3 Kf7 40. Kf2 Ke6 41. Bc7 d4 42. Ke2 Kd5 43. Kd2 Kc5 44. Kc2 Bd5 45. Be2 Nf8 46. g3 Ne6 47. Be5 Ng5 48. Bf6 Bxf3 49. Bd3 Ne6 50. Kb3 Bd1+ 51. Kb2 Ba4 52. Be7+ Kd5 53. Kc1 Nc5 54. Be2 Ne6 55. Kb2 g5 56. Bd3 f4 57. gxf4 gxf4 58. Bxh7 Bxb5 59. Bc2 Be2 60. Kc1 f3 61. Bh4 Kc4 62. Kd2 Nf4 63. Bg3 Nh5 64. Bf2 b5 65. h4 b4 66. axb4 axb4 {0-} 0-1

[Event "45th FIDE Womens Olympiad 2024"]
[Site "Budapest"]
[Date "2024.09.14"]
[Round "4.23"]
[White "Vega Gutierrez, Sabrina"]
[Black "Nomin-Erdene, Davaademberel"]
[Result "1-0"]
[ECO "B45"]
[WhiteElo "2374"]
[BlackElo "2319"]
[Annotator "ChessBase"]
[PlyCount "75"]
[EventDate "2024.09.05"]
[EventType "team-tourn"]
[EventCountry "HUN"]
[SourceTitle "playchess.com"]
[Source "ChessBase"]
[SourceQuality "1"]
[WhiteTeam "Spain"]
[BlackTeam "Mongolia"]
[WhiteTeamCountry "ESP"]
[BlackTeamCountry "MGL"]
[TimeControl "40/5400+30:1800+30"]

1. e4 c5 2. Nf3 Nc6 3. d4 cxd4 4. Nxd4 Nf6 5. Nc3 e6 6. Nxc6 bxc6 7. e5 Nd5 8. Ne4 Bb7 9. Be2 c5 10. O-O Qc7 11. Nd6+ Bxd6 12. exd6 Qc6 13. f3 e5 14. c4 Nf4 15. Bxf4 exf4 16. Bd3 O-O 17. Bc2 Rae8 18. Qd3 g6 19. Rfe1 Rxe1+ 20. Rxe1 Qb6 21. Qd2 Bc6 22. Be4 Rc8 23. Bxc6 Qxc6 24. Re7 Rf8 25. h4 h5 26. b3 a5 27. Qxf4 a4 28. Kh2 axb3 29. axb3 Qb7 30. Qe3 Qc6 31. Qe5 Rb8 32. Kg3 Ra8 33. Qf6 Rf8 34. Kf4 Kh7 35. Kg5 Qa8 36. Rxf7+ Rxf7 37. Qxf7+ Kh8 38. Kh6 1-0

[Event "45th FIDE Womens Olympiad 2024"]
[Site "Budapest"]
[Date "2024.09.14"]
[Round "4.23"]
[White "Wu, Elise"]
[Black "Sharaf, Hawra"]
[Result "1-0"]
[ECO "B13"]
[WhiteElo "1595"]
[BlackElo "1595"]
[PlyCount "71"]
[EventDate "2024.09.05"]
[EventType "team-tourn"]
[EventCountry "HUN"]
[WhiteTeam "Suriname"]
[BlackTeam "Bahrain"]
[WhiteTeamCountry "SUR"]
[BlackTeamCountry "BRN"]
[TimeControl "40/5400+30:1800+30"]

1. e4 c6 2. d4 d5 3. exd5 cxd5 4. Nf3 Nf6 5. Bd3 Bg4 6. h3 Bd7 7. O-O Nc6 8. c3 g6 9. Bf4 Bg7 10. Nbd2 O-O 11. Re1 Re8 12. Ne5 e6 13. Ndf3 Ne7 14. Qb3 Bc6 15. Ng5 Rf8 16. Qa3 Nh5 17. Bh2 Nf5 18. Ngxf7 Rxf7 19. Nxf7 Kxf7 20. g4 Nh4 21. gxh5 Qg5+ 22. Bg3 Nf3+ 23. Kh1 Qxh5 24. Kg2 Nxe1+ 25. Rxe1 Rf8 26. Be2 Qg5 27. Bg4 Kg8 28. Bxe6+ Kh8 29. h4 Qf6 30. Bg4 h5 31. Re6 Qf7 32. Re7 Qf6 33. Bh3 Qf3+ 34. Kh2 Bf6 35. Re3 Qd1 36. Qxf8+ 1-0